 Dungeon Crawl Stone Soup version 0.30-a0-1157-g2cc9ac7196 (webtiles) character file.

Game seed: 2840850885279126603

10492 qeuew the Nimble (level 11, -7/89 HPs)
             Began as a Demigod Gladiator on Apr 24, 2023.
             Mangled by an orc warlord
             ... wielding a +9 broad axe
              (20 damage)
             ... in a bailey.
             The game lasted 00:17:58 (11385 turns).

qeuew the Nimble (Demigod Gladiator)               Turns: 11385, Time: 00:17:59

Health: -7/89      AC: 15    Str: 15    XL:     11   Next: 15%
Magic:  14/14      EV: 18    Int: 10    God:
Gold:   509        SH:  0    Dex: 27    Spells: 10/10 levels left

rFire   . . .        a - +2 long sword (flame)
rCold   . . .        (no shield)
rNeg    . . .        y - +1 ring mail of Wonderful the Leaf {Harm Will+ Regen+}
rPois   .            c - +0 helmet
rElec   .            (no cloak)
rCorr   .            (no gloves)
SInv    +            j - +2 pair of boots
Will    ++...        (no amulet)
Stlth   ++           k - ring of see invisible
HPRegen 1.14/turn    f - +4 ring of protection
MPRegen 0.14/turn

%: harm (+30% outgoing, +20% incoming)
@: no status effects
A: high MP 1, forlorn, divine attributes, claws 1, mutation resistance 1
a: no special abilities


You were in a bailey.
You visited 1 branch of the dungeon, and saw 10 of its levels.
You also visited: Bailey.

You collected 509 gold pieces.

Inventory:

Hand Weapons
 a - a +2 long sword of flaming (weapon)
 i - a +3 dagger of venom
Missiles
 C - 2 javelins
Armour
 c - a +0 helmet (worn)
 j - a +2 pair of boots (worn)
 y - the +1 ring mail of Wonderful the Leaf (worn) {Harm Will+ Regen+}
   (You found it on level 9 of the Dungeon)

   Regen:     It increases your rate of health regeneration.
   Harm:      It increases damage dealt and taken.
   Will:      It increases your willpower.
Jewellery
 f - a +4 ring of protection (right claw)
 k - a ring of see invisible (left claw)
Wands
 g - a wand of charming (22) (quivered)
 q - a wand of roots (17)
 x - a wand of flame (15)
Scrolls
 b - a scroll of noise {unknown}
 l - 5 scrolls of enchant armour
 n - a scroll of identify
 o - 5 scrolls of vulnerability
 t - 2 scrolls of fog
 v - a scroll of magic mapping
 B - a scroll of butterflies
Potions
 e - a potion of might
 h - 3 potions of brilliance
 m - a potion of curing
 p - 2 potions of magic
 r - 3 potions of resistance
 s - a potion of flight
 A - 2 potions of haste {unknown}
Miscellaneous
 d - a lightning rod (3/4)


   Skills:
 + Level 6.0 Fighting
 - Level 0.8(5.4) Short Blades
 * Level 8.7 Long Blades
 * Level 8.6 Throwing
 + Level 5.5 Armour
 * Level 8.8 Dodging
 - Level 0.6 Stealth


You had 10 spell levels left.
You didn't know any spells.
Your spell library contained the following spells:

 Spells                   Type           Power      Damage    Failure   Level
 Magic Dart               Conj           0%         1d3       56%         1
 Blink                    Tloc           0%         N/A       71%         2
 Call Imp                 Summ           0%         N/A       71%         2
 Cigotuvi's Dreadful Rot  Necr/Pois/Air  0%         N/A       71%         2
 Lesser Beckoning         Tloc           0%         N/A       71%         2
 Momentum Strike          Conj/Tloc      0%         3d8       71%         2
 Scorch                   Fire           0%         2d5       71%         2
 Searing Ray              Conj           0%         2d4       71%         2
 Static Discharge         Conj/Air       0%         2-2/arc   71%         2
 Dazzling Flash           Conj/Hex       0%         N/A       91%         3
 Inner Flame              Hex/Fire       0%         N/A       91%         3
 Mephitic Cloud           Conj/Pois/Air  0%         N/A       91%         3
 Airstrike                Air            0%         2d(0-16)  100%        4
 Dispel Undead            Necr           0%         3d6       100%        4
 Flame Wave               Conj/Fire      0%         2d4       100%        4
 Fulminant Prism          Conj/Hex       0%         3d5       100%        4
 Summon Lightning Spire   Summ/Air       0%         N/A       100%        4
 Agony                    Necr           0%         N/A       100%        5
 Silence                  Hex/Air        0%         N/A       100%        5
 Yara's Violent Unravell  Hex/Tmut       0%         3d3       100%        5
 Death Channel            Necr           0%         N/A       100%        6
 Summon Cactus Giant      Summ           0%         N/A       100%        6
 Enfeeble                 Hex            0%         N/A       100%        7


Dungeon Overview and Level Annotations

Branches:
Dungeon (10/15)            Temple (0/1) D:4          Bailey (1/1)
   Lair: D:8-11         Orc: D:9-12

Shops:
D:3 [

Annotations:
D:4 1 runed translucent door


Innate Abilities, Weirdness & Mutations

You have an increased reservoir of magic. (+10% MP)
You shall have no god before yourself.
Your divine heritage dramatically boosts your attributes as you level up.
You have sharp fingernails.
You are somewhat resistant to further mutation.


Message History

The orc warrior barely misses you. The goblin attacks as you move away!
The goblin closely misses you. The goblin closely misses you.
The goblin attacks as you move away! The goblin barely misses you.
The orc warrior attacks as you move away!
The orc warrior completely misses you.
You see here a lightning rod (4/4).
d - a lightning rod (4/4)
The goblin misses you.
Aiming: Thunderbolt
Press: ? - help, Shift-Dir - straight line, f/p - orc warlord
Aim: an orc warlord, wielding a +9 broad axe and wearing a +0 plate armour The thunderbolt hits the orc warlord.
The orc warlord is lightly wounded.
The orc barely misses you. The orc warrior misses you. The goblin misses you.
Unknown command.
Okay, then.
The orc warrior no longer looks unusually strong.
The orc warlord roars a battlecry!
The orc warrior goes into a battle-frenzy!
The orc warrior misses you. The orc closely misses you.
The goblin closely misses you. The goblin closely misses you.
The orc warlord hits you with a +9 broad axe!!
The orc warrior attacks as you move away!
The orc warrior hits you with a +0 war axe!
The orc hits you from afar with a +0 glaive of holy wrath!
The orc warlord hits you with a +9 broad axe!!
* * * LOW HITPOINT WARNING * * *
The goblin closely misses you. The orc closely misses you.
The goblin hits you but does no damage. The goblin attacks as you move away!
The goblin hits you but does no damage.
The orc warrior attacks as you move away!
The orc warrior hits you with a +0 war axe.
* * * LOW HITPOINT WARNING * * *
The orc no longer looks unusually strong.
The orc barely misses you.
The orc warlord attacks as you move away!
The orc warlord hits you with a +9 broad axe!
You die...

#......)))#.......#.........#
##.........##88.88##.........##
#.....⌠.....###'###.....⌠.....#
#.........###...###.........##
#.........#.......#.........#
##.......##.......##...))..##
#.......#.........#...))).#
##.....##.........##..)..##
##'####......@....####'##
##..)..##....goo..##.....##
#.)))...#...o.....#.......#
##.......##.......##.......##
#.........#......)#.........#
##.........##.....##.........##
#.....⌠.....#######.....⌠.....#
##.........##.....##.........##
#.........#.......#.........#


You could see an orc warlord, an orc warrior (strong), an orc and a goblin.

Vanquished Creatures
  A boulder beetle (D:9)
  2 two-headed ogres
  Amaemon (D:9)
  An orc knight (Bailey)
  A deep elf pyromancer (D:9)
  A cyclops (D:9)
  An orange demon (D:9)
  A troll (D:9)
  A hornet (D:9)
  A vampire (D:9)
  4 wyverns
  2 steam dragons
  Duvessa (D:7)
  5 water moccasins
  2 black bears
  16 orc warriors
  An ogre (D:6)
  2 centaurs
  A phantom (D:5)
  A kobold brigand (D:8)
  4 bullfrogs
  4 scorpions
  12 wights
  Dowan (D:7)
  5 howler monkeys
  A human zombie (D:4)
  2 jellies
  3 orc priests
  2 gnoll boudas
  6 hounds
  3 iguanas (D:6)
  2 sleepcaps
  Ijyb (D:5)
  15 orc wizards
  Robin (D:3)
  15 gnolls
  5 adders
  A white imp (D:6)
  An ufetubus (D:7)
  2 worms
  5 dart slugs
  27 orcs
  5 bats
  4 endoplasms
  4 giant cockroaches
  27 goblins
  9 hobgoblins
  15 kobolds
  8 quokkas
  6 ball pythons
  6 frilled lizards
  4 rats
252 creatures vanquished.

Notes
Turn   | Place    | Note
-------+----------+-------------------------------------------
     0 | D:1      | qeuew the Demigod Gladiator began the quest for the Orb.
     0 | D:1      | Reached XP level 1. HP: 17/17 MP: 3/3
    91 | D:1      | Reached XP level 2. HP: 21/24 MP: 4/4
   570 | D:1      | Reached XP level 3. HP: 28/29 MP: 5/5
  1269 | D:2      | Reached XP level 4. HP: 25/36 MP: 6/6
  1651 | D:3      | Found Ynateq's Antique Armour Shop.
  1920 | D:4      | Noticed a human
  1920 | D:4      | Found a runed translucent door.
  1951 | D:4      | Noticed Robin
  1986 | D:3      | Reached skill level 1 in Armour
  2084 | D:3      | Killed Robin
  2118 | D:4      | Reached XP level 5. HP: 34/42 MP: 7/7
  2239 | D:4      | Found a staircase to the Ecumenical Temple.
  2548 | D:4      | Noticed a black bear
  2558 | D:4      | Killed a black bear
  2559 | D:4      | Reached XP level 6. HP: 29/50 MP: 8/8
  2893 | D:5      | Entered Level 5 of the Dungeon
  3226 | D:5      | Noticed a water moccasin
  3241 | D:5      | Killed a water moccasin
  3242 | D:5      | Reached XP level 7. HP: 48/57 MP: 9/9
  3534 | D:5      | Noticed Ijyb
  3540 | D:5      | Killed Ijyb
  3630 | D:5      | Reached skill level 5 in Dodging
  4278 | D:6      | Noticed a steam dragon
  4353 | D:6      | Reached XP level 8. HP: 25/63 MP: 10/10
  4391 | D:6      | Reached skill level 5 in Long Blades
  4405 | D:6      | Reached skill level 5 in Throwing
  4699 | D:6      | Identified the +3 ring mail "Peite" {Harm rN++ Int+3}
  5592 | D:6      | Gained mutation: You do not regenerate when monsters are
                  | visible. [potion of mutation]
  5592 | D:6      | Gained mutation: Your mind is acute. (Int +4, Str/Dex -1)
                  | [potion of mutation]
  5592 | D:6      | Gained mutation: You have sharp fingernails. [potion of
                  | mutation]
  6605 | D:7      | Reached XP level 9. HP: 70/71 MP: 11/11
  6634 | D:7      | Noticed Duvessa
  6636 | D:7      | Noticed Dowan
  6647 | D:7      | Killed Duvessa
  6651 | D:7      | Killed Dowan
  7157 | D:8      | Noticed a two-headed ogre
  7165 | D:8      | Killed a two-headed ogre
  8071 | D:9      | Noticed a two-headed ogre
  8084 | D:9      | HP: 3/73 [two-headed ogre/+0 giant club (22)]
  8486 | D:9      | Reached skill level 5 in Fighting
  8718 | D:9      | Reached XP level 10. HP: 54/74 MP: 13/13
  9112 | D:9      | Noticed Amaemon
  9492 | D:9      | Noticed a cyclops
  9497 | D:9      | Noticed a deep elf pyromancer
  9500 | D:9      | Killed a cyclops
  9503 | D:9      | Noticed a two-headed ogre
  9512 | D:9      | Killed a deep elf pyromancer
  9517 | D:9      | Killed a two-headed ogre
  9518 | D:9      | Reached skill level 5 in Armour
  9572 | D:9      | HP: 1/81 [centaur/arrow (5)]
  9954 | D:9      | Identified the +1 ring mail of Wonderful the Leaf {Harm
                  | Will+ Regen+}
 10026 | D:9      | Noticed a boulder beetle
 10046 | D:9      | Killed a boulder beetle
 10594 | D:9      | Killed Amaemon
 10928 | D:10     | Entered Level 10 of the Dungeon
 10928 | D:10     | Found a flagged portal.
 10937 | Bailey   | Entered a bailey
 10956 | Bailey   | Reached XP level 11. HP: 78/89 MP: 14/14
 11113 | Bailey   | Noticed an orc knight
 11120 | Bailey   | Killed an orc knight
 11170 | Bailey   | Lost mutation: Your mind is acute. (Int +4, Str/Dex -1)
                  | [potion of mutation]
 11170 | Bailey   | Lost mutation: You do not regenerate when monsters are
                  | visible. [potion of mutation]
 11170 | Bailey   | Gained mutation: You are somewhat resistant to further
                  | mutation. [potion of mutation]
 11274 | Bailey   | Noticed an orc warlord
 11385 | Bailey   | Mangled by an orc warlord

Illustrated notes

Levels and vault maps discovered:
D:1:      minmay_arrival_jagged, layout_rooms,
          wander_ebering_terrifying_dragon_lair
D:2:      layout_basic, hellmonk_ecumenical_altar_inner_sanctum
D:3:      layout_rooms, serial_shops, shop
D:4:      nicolae_cairo_tiling_large, layout_cave_pools, dk_yredelemnul_ordeal,
          minmay_temple_entry_enclosed_plants, uniq_robin
D:5:      layout_gridville, marbit_many_paths,
          minmay_a_box_with_orc_wizards_in_it, uniq_ijyb
D:6:      layout_basic, elyvilon_altar_3, corner_web_ring, st_stairs_10
D:7:      layout_basic, lemuel_round_altar, fedhas_altar_4, uniq_duvessa
D:8:      layout_basic, old_standard_altar, mainiacjoe_overflow_swirl,
          corexii_corridor_pit, minmay_misc_feat_doors
D:9:      minmay_slanted_spiral_squares, layout_long_grid, uniq_amaemon
D:10:     layout_roguey, nicolae_ashenzari_skybound, dpeg_oklobed_lair,
          enter_bailey_6, uniq_snorg
Bailey:   bailey_axe_minmay_hex_keep, bailey

Skill      XL: |  1  2  3  4  5  6  7  8  9 10 11 |
---------------+----------------------------------+-----
Throwing       | 2 3 4 6 7 8 |  8.6
Dodging        | 3 4 5 6 7 8 |  8.8
Fighting       | 2 3 4 5 6 |  6.0
Long Blades    | 3 4 6 7 8 |  8.7
Armour         | 1 2 3 4 5 |  5.5
Short Blades   | |  0.8
Stealth        | |  0.6

Action                     |  1- 3 |  4- 6 |  7- 9 | 10-12 || total
---------------------------+-------+-------+-------+-------++-------
  Melee: Long sword        |    46 |   176 |   374 |   257 ||   853
         Dagger            |    92 |       |       |       ||    92
         Punch             |       |     2 |     8 |     1 ||    11
  Throw: Throwing net      |       |       |       |     6 ||     6
         Javelin           |       |       |       |     6 ||     6
  Evoke: Wand              |       |       |       |     2 ||     2
         Lightning rod     |       |       |       |     1 ||     1
    Use: Potion            |     4 |     3 |     7 |     7 ||    21
         Scroll            |     2 |     5 |     9 |     3 ||    19
   Stab: Sleeping          |     3 |       |     5 |     1 ||     9
         Distracted        |       |       |     1 |     2 ||     3
         Held in net/web   |       |       |       |     4 ||     4
 Armour: Leather armour    |    50 |   141 |   172 |     6 ||   369
         Steam dragon scal |       |       |       |    62 ||    62
         Ring mail         |       |       |       |    46 ||    46
  Dodge: Dodged            |   110 |   200 |   370 |   389 ||  1069

Table legend: (Time is in decaauts)
 A = Elapsed time spent in this place.
 B = Non-inter-level travel time spent in this place.
 C = Inter-level travel time spent in this place.
 D = Time resting spent in this place.
 E = Time spent auto-exploring this place.
 F = Levels seen in this place.
 G = Mean time per level.
                   A        B        C        D        E       F      G
               +--------+--------+--------+--------+--------+-----+--------+
         Total |  11481 |  10975 |    506 |    404 |   8370 |  11 | 1043.7 |
       Dungeon |  11036 |  10530 |    506 |    404 |   8221 |  10 | 1103.6 |
        Bailey |    444 |    444 |      0 |      0 |    149 |   1 |  444.0 |
               +--------+--------+--------+--------+--------+-----+--------+

Top non-repeatable levels by time:
     D:9: 2805 daAuts
     D:6: 1616 daAuts
     D:7: 1341 daAuts
     D:5: 1322 daAuts
     D:8: 1011 daAuts
     D:4: 870 daAuts
     D:2: 820 daAuts
     D:1: 789 daAuts
     D:3: 450 daAuts
  Bailey: 444 daAuts
    D:10: 8 daAuts
